Map: Neon Violet Square LE

Players

Neeb - Winner!

  • Race: Protoss Protoss
  • Spawn Location: 11:00

Patience

  • Race: Protoss Protoss
  • Spawn Location: 5:00

Event: IEM Season 12 - Katowice

VOD

Have the link to the VOD?

Description

Time

  • Played on: Feb. 27, 2018, 2:12 p.m.
  • Length: 7:05

All games in this series

Show
View Real Time Build Order
Export as new Build Order

Neeb Protoss - Winner!

Build Orders: Zealot Archon, Dark Templar Rush 

Get SALT Encoding   

  12  0:00  Probe  
  13  0:12  Probe  
  14  0:18  Pylon  
  14  0:24  Probe (Chrono Boost)  
  15  0:36  Probe (Chrono Boost)  
  15  0:39  Gateway  
  16  0:45  Probe (Chrono Boost)  
  16  0:49  Assimilator  
  17  0:51  Probe (Chrono Boost)  
  17  0:55  Assimilator  
  18  1:03  Probe (Chrono Boost)  
  19  1:08  Gateway  
  19  1:11  Probe (Chrono Boost)  
  20  1:18  Probe  
  21  1:26  Cybernetics Core  
  21  1:30  Probe  
  22  1:41  Pylon  
  22  1:42  Probe  
  23  1:59  Probe  
  23  2:00  Warp Gate (Chrono Boost)  
  24  2:02  Adept x2  
  28  2:10  Pylon  
  28  2:21  Twilight Council  
  28  2:30  Stalker  
  28  2:36  Stalker  
  32  2:43  Pylon  
  31  2:57  Probe  
  32  3:01  Dark Shrine  
  32  3:11  Probe  
  33  3:28  Nexus  
  33  3:39  Probe  
  34  3:45  Pylon  
  34  3:53  Pylon  
  35  4:03  Robotics Facility  
  34  4:10  Sentry  
  34  4:12  Dark Templar  
  38  4:21  Probe  
  37  4:26  Shield Battery  
  37  4:33  Probe  
  37  4:37  Dark Templar  
  40  4:41  Probe  
  40  4:45  Probe  
  42  4:47  Stalker  
  44  4:54  Probe  
  44  4:57  Probe (Chrono Boost)  
  44  5:04  Observer  
  42  5:09  Probe (Chrono Boost)  
  42  5:11  Probe (Chrono Boost)  
  43  5:17  Probe (Chrono Boost)  
  43  5:20  Probe (Chrono Boost)  
  45  5:23  Probe, Immortal (Chrono Boost)  
  50  5:30  Probe  
  50  5:31  Sentry  
  50  5:34  Gateway  
  51  5:36  Probe  
  51  5:40  Gateway  
  51  5:50  Stalker  
  51  5:53  Shield Battery  
  51  5:55  Shield Battery  
  52  5:58  Immortal (Chrono Boost)  
  56  6:07  Pylon  
  56  6:09  Adept  
  58  6:14  Adept  
  60  6:25  Pylon  
  60  6:29  Pylon  
  60  6:31  Pylon  
  52  6:35  Dark Templar  
  52  6:37  Probe  
  52  6:38  Probe  
  44  6:55  Dark Templar  
  48  7:02  Archon  
Show
View Real Time Build Order
Export as new Build Order

Patience Protoss 

Build Orders:  

Get SALT Encoding   

  12  0:00  Probe  
  13  0:13  Probe  
  14  0:17  Pylon  
  14  0:25  Probe (Chrono Boost)  
  15  0:37  Probe (Chrono Boost)  
  15  0:38  Gateway  
  16  0:45  Probe (Chrono Boost)  
  16  0:47  Assimilator  
  17  0:51  Probe (Chrono Boost)  
  17  0:56  Assimilator  
  18  1:03  Probe (Chrono Boost)  
  19  1:08  Gateway  
  19  1:12  Probe (Chrono Boost)  
  20  1:18  Probe  
  21  1:26  Cybernetics Core  
  21  1:30  Probe  
  22  1:35  Pylon  
  22  1:42  Probe  
  23  1:55  Probe  
  23  2:00  Warp Gate (Chrono Boost)  
  24  2:04  Adept, Sentry  
  28  2:09  Pylon  
  28  2:17  Probe  
  29  2:29  Pylon  
  29  2:30  Stalker  
  29  2:31  Stalker  
  33  2:55  Gateway  
  33  2:57  Gateway  
  33  3:04  Stalker  
  33  3:05  Stalker  
  37  3:10  Pylon  
  35  3:22  Shield Battery  
  35  3:49  Stalker x2  
  35  3:50  Stalker  
  35  3:51  Stalker  
  42  3:58  Shield Battery  
  42  4:13  Robotics Facility  
  41  4:21  Sentry  
  39  4:28  Adept  
  39  4:29  Adept  
  43  4:36  Pylon  
  43  4:47  Pylon  
  39  5:00  Observer (Chrono Boost)  
  39  5:19  Stalker x3  
  45  5:25  Stalker  
  45  5:26  Observer (Chrono Boost)  
  44  5:32  Observer  
  43  5:49  Adept x2  
  47  5:50  Adept x2  
  51  5:58  Pylon  
  51  6:19  Adept  
  51  6:20  Adept x2  
  45  6:33  Adept  
  30  6:56  Stalker x2  
  30  6:57  Stalker  

Tags
 
Add a new tag
Caveats
  • Supply blocks, unpowered buildings, or Contaminate may cause inaccurate times.
  • Supply counts are checked every 10 seconds.